 Dungeon Crawl Stone Soup version 0.26.1-10-gdfb7c7de75 (webtiles) character file.

Game seed: 9552864862335976456

1253 manyhoops the Changer (level 8, -1/106 HPs)
             Began as a Palentonga Transmuter on Apr 2, 2021.
             Killed from afar by a steam dragon (13 damage)
             ... with a ball of steam
             ... on level 5 of the Dungeon.
             The game lasted 00:16:26 (6802 turns).

manyhoops the Changer (Palentonga Transmuter)       Turns: 6802, Time: 00:16:27

Health: -1/106     AC: 24    Str: 15    XL:     8   Next: 26%
Magic:  11/11      EV:  1    Int: 15    God:
Gold:   253        SH:  0    Dex: 10    Spells: 8/11 levels left

rFire    . . .     SeeInvis +     - Unarmed
rCold    . . .     Faith    +   (no shield)
rNeg     + + +     Spirit   .   (armour currently unavailable)
rPois    +         Reflect  .   (helmet currently unavailable)
rElec    .         Harm     .   (cloak currently unavailable)
rCorr    .         Rampage  .   (gloves currently unavailable)
Will     .....     NoTele   +   (no barding)
Stlth    ++........             r - amulet of faith
HPRegen  0.27/turn              l - ring of stealth
MPRegen  0.12/turn              (no ring)

@: lethally poisoned (-1 -> -1), tree-form, wereblooded, attractive, very
slightly contaminated, invisible
A: large, rugged brown scales 3, see invisible
a: no special abilities


You were on level 5 of the Dungeon.
You were a tree.
You visited 1 branch of the dungeon, and saw 5 of its levels.
You also visited: Ossuary.

You collected 253 gold pieces.

Inventory:

Armour
 a - a +0 barding (melded)
 n - a +1 animal skin (melded)
 o - a +0 helmet (melded)
Jewellery
 l - a ring of stealth (left branch)
 r - an amulet of faith (around neck)
Wands
 j - a wand of iceblast (6)
Scrolls
 c - a scroll of amnesia {unknown}
 d - a scroll of fear {unknown}
 g - 2 scrolls of teleportation
 h - a scroll of blinking
 i - a scroll of remove curse
 p - a scroll of noise {unknown}
Potions
 e - 2 potions of flight
 f - a potion of magic


   Skills:
 - Level 4.3 Fighting
 + Level 3.2 Dodging
 - Level 5.2 Unarmed Combat
 - Level 2.4 Spellcasting
 - Level 7.1 Transmutations


You had 8 spell levels left.
You knew the following spells:

 Your Spells              Type           Power        Failure   Level
a - Beastly Appendage     Tmut           46%          1%          1
b - Wereblood             Tmut           23%          1%          2

Your spell library contained the following spells:

 Spells                   Type           Power        Failure   Level
 Spider Form              Tmut/Pois      6%           14%         3
 Animate Skeleton         Necr           2%           22%         1
 Apportation              Tloc           2%           22%         1
 Corona                   Hex            1%           22%         1
 Summon Small Mammal      Summ           4%           22%         1
 Blade Hands              Tmut           11%          30%         5
 Ice Form                 Ice/Tmut       12%          43%         4


Dungeon Overview and Level Annotations

Branches:
Dungeon (5/15)            Ossuary (visited)
 Temple: D:4-7

Altars:
Ashenzari
Gozag
The Shining One


Innate Abilities, Weirdness & Mutations

(You are completely covered in rugged brown scales. (AC +3, +7% HP))
You have supernaturally acute eyesight. (SInv)
((Armour fits poorly on your strangely shaped body.))
((You can roll at nearby foes to attack.))
((You have a long armoured tail.))
((You curl defensively after being hit.))


Message History

You cannot move.
You cannot move.
You cannot move.
A steam dragon is nearby!
A steam dragon is nearby!
You cannot move.
You cannot move.
You are too injured to fight recklessly!
Aiming: Iceblast
Press: ? - help, Shift-Dir - straight line The mass of ice explodes!
The iceblast engulfs the fungus!
The fungus begins to die.
The fungus is lightly damaged.
The iceblast engulfs the steam dragon!
The steam dragon is severely wounded.
You creak as the wereblood boils in your veins!
You feel sick. The steam dragon breathes steam at you.
The ball of steam hits you!
You die...

### ###≈≈### #≈P.P..#######
##P...P.≈≈^≈.≈#
#..............
#P.....DP...≈≈. ####
#^....♣.######### ##..##
####PP^..#........#
#....####.###≈.^##.......#..
#....##.....#####........#.#
#..#........##...........#.##
..##..#.....##.....#..###...#
..######...........#.##....#
....##.##..........#.......#
##...<...#.........#.......#


You could see a steam dragon (catching breath).

Vanquished Creatures
  A steam dragon (D:4)
  Menkaure (D:4)
  A sky beast (D:5)
  An ice beast (D:5)
  An ogre (D:4)
  A necrophage (D:4)
  2 centaurs (D:5)
  A scorpion (D:3)
  A bullfrog skeleton (D:5)
  2 orc priests
  3 hounds
  An iguana (D:5)
  2 worker ants
  3 mummies (Ossuary)
  Robin (D:3)
  4 adders
  An ufetubus (D:5)
  2 oozes
  A worm (D:2)
  A dart slug (D:2)
  4 leopard geckos
  7 orcs
  7 bats
  2 giant cockroaches
  16 goblins
  9 hobgoblins
  10 jackals
  8 kobolds
  2 quokkas
  5 frilled lizards
  2 goblin zombies (Ossuary)
  A jackal zombie (D:5)
  A kobold zombie (Ossuary)
  A leopard gecko skeleton (D:5)
  A quokka skeleton (D:4)
  A quokka zombie (Ossuary)
  4 rats
  2 rat zombies (Ossuary)
114 creatures vanquished.

Vanquished Creatures (others)
  An orc (D:5)
  10 fungi (D:5)
11 creatures vanquished.

Grand Total: 125 creatures vanquished

Notes
Turn   | Place    | Note
-------+----------+-------------------------------------------
     0 | D:1      | manyhoops the Palentonga Transmuter began the quest for the
                  | Orb.
     0 | D:1      | Reached XP level 1. HP: 17/17 MP: 3/3
   531 | D:1      | Reached XP level 2. HP: 19/24 MP: 5/5
  1193 | D:2      | Found a faded altar of an unknown god.
  1213 | D:2      | Reached XP level 3. HP: 25/29 MP: 4/6
  1881 | D:2      | Reached XP level 4. HP: 32/37 MP: 7/7
  1884 | D:2      | Learned a level 2 spell: Wereblood
  2022 | D:2      | Found a broken altar of Ashenzari.
  2056 | D:2      | Reached skill level 5 in Unarmed Combat
  2357 | D:3      | Found a glowing golden altar of the Shining One.
  2621 | D:3      | Noticed Robin
  2631 | D:3      | Killed Robin
  2632 | D:3      | Reached XP level 5. HP: 35/41 MP: 4/8
  3762 | D:4      | Noticed a necrophage
  3799 | D:4      | Killed a necrophage
  3800 | D:4      | Reached XP level 6. HP: 55/55 MP: 9/9
  3852 | D:4      | Noticed Menkaure
  3912 | D:4      | Found a sand-covered staircase.
  3927 | Ossuary  | Entered an ossuary
  4552 | D:4      | Found an opulent altar of Gozag.
  4789 | D:5      | Entered Level 5 of the Dungeon
  4809 | D:3      | Reached skill level 3 in Transmutations
  5322 | D:5      | Reached skill level 4 in Transmutations
  5337 | D:5      | Gained mutation: You curl defensively after being hit.
                  | [Palentonga growth]
  5337 | D:5      | Reached XP level 7. HP: 59/64 MP: 6/10
  5622 | D:5      | Reached skill level 5 in Transmutations
  5635 | D:5      | Reached skill level 6 in Transmutations
  5649 | D:5      | Noticed a steam dragon
  5651 | D:5      | Noticed a steam dragon
  5843 | D:4      | Killed Menkaure
  6007 | D:4      | Reached skill level 7 in Transmutations
  6007 | D:4      | Reached XP level 8. HP: 50/71 MP: 9/11
  6802 | D:5      | Killed from afar by a steam dragon

Illustrated notes

Levels and vault maps discovered:
D:1:      noname_arrival_rooms_in_the_neighbourhood, layout_rooms, serial_glass,
          glass_columns_b, glass_columns_c, due_unseen_surprise
D:2:      layout_basic, nicolae_overflow_hidden_temple,
          chequers_ecumenical_altar_simple, grunt_decor_junction
D:3:      layout_basic, nicolae_overflow_crystal_walls, uniq_robin
D:4:      layout_loops_ring, overflow_temple_1_default, enter_ossuary_1,
          uniq_menkaure
D:5:      kennysheep_steamy, layout_cave_pools

Skill      XL: |  1  2  3  4  5  6  7  8 |
---------------+-------------------------+-----
Unarmed Combat | 4 5 |  5.2
Fighting       | 4 |  4.3
Transmutations | 4 7 |  7.1
Dodging        | 3 |  3.2
Spellcasting   | |  2.4

Action                   |  1- 3 |  4- 6 |  7- 9 || total
-------------------------+-------+-------+-------++-------
Melee: Unarmed           |   119 |   196 |    80 ||   395
       Kick              |     5 |    12 |     8 ||    25
       Tailslap          |     4 |    27 |     9 ||    40
       Headbutt          |     1 |    13 |     9 ||    23
       Punch             |     1 |     3 |     1 ||     5
 Cast: Beastly Appendage |    10 |    14 |     6 ||    30
       Wereblood         |       |     4 |     3 ||     7
 Abil: Rolling Charge    |     3 |    13 |     4 ||    20
Evoke: Wand              |       |       |     1 ||     1
  Use: Scroll            |       |     8 |     2 ||    10
       Potion            |       |     5 |     4 ||     9
 Stab: Sleeping          |       |     2 |       ||     2
       Distracted        |       |       |     1 ||     1
Armor: Robe              |    49 |    22 |       ||    71
       Animal skin       |       |    45 |    47 ||    92
       Skin              |       |       |     3 ||     3
Dodge: Dodged            |    75 |   106 |    60 ||   241
